 Dungeon Crawl Stone Soup version 0.19-a0-994-g3c636f0 (webtiles) character file.

365 mopl the Sneak (level 6, -4/49 HPs)
             Began as a Naga Enchanter on July 15, 2016.
             Slain by George's ghost (10 damage)
             ... on level 4 of the Dungeon.
             The game lasted 00:08:18 (3782 turns).

mopl the Sneak (Naga Enchanter)                     Turns: 3782, Time: 00:08:19

Health: -4/49      AC:  5    Str: 10    XL:     6   Next: 68%
Magic:  0/10       EV: 10    Int: 18    God:
Gold:   133        SH:  0    Dex: 14    Spells: 4 memorised, 2 levels left

rFire  . . .     SeeInvis +     a - +1 dagger
rCold  . . .     Gourm    .     b - +1 robe
rNeg   . . .     Faith    .     (no shield)
rPois  +         Spirit   +     (no helmet)
rElec  .         Dismiss  .     u - +0 cloak
rCorr  .         Reflect  .     (no gloves)
SustAt .         Harm     .     (no barding)
MR     .....                    x - amulet of guardian spirit
Stlth  +++.......               (no ring)
                                s - +3 ring of intelligence

@: very slow, not resistant to hostile enchantments, fairly stealthy
A: see invisible, deformed body, poison resistance, slowness 2, slow metabolism
1, spit poison 2, AC +2
a: Spit Poison


You were on level 4 of the Dungeon.
You were hungry.

You visited 1 branch of the dungeon, and saw 5 of its levels.

You collected 133 gold pieces.

Inventory:

Hand Weapons
 a - a +1 dagger (weapon)
 q - a cursed -1 dagger
Missiles
 n - 4 silver tomahawks
 w - 4 tomahawks (quivered)
Armour
 b - a +1 robe (worn)
 u - a +0 cloak (worn)
Jewellery
 s - a +3 ring of intelligence (left hand)
 x - an amulet of guardian spirit (around neck)
 y - an uncursed amulet of rage {unknown}
Scrolls
 h - a scroll of teleportation
 i - a scroll of fear {unknown}
 j - a scroll of enchant armour {unknown}
 k - 2 scrolls of magic mapping {unknown}
 l - 2 scrolls of remove curse {unknown}
 m - 3 scrolls of recharging {unknown}
 p - 3 scrolls of immolation {unknown}
Potions
 e - a potion of brilliance {unknown}
 f - a potion of lignification {!q}
 g - 2 potions of curing
 o - 2 potions of flight
 r - a potion of magic {unknown}
 v - 3 potions of degeneration {unknown}
 z - a potion of invisibility {unknown}
 A - a potion of heal wounds {unknown}
Books
 c - a book of Maledictions

   Spells                             Type                      Level
   a - Corona                         Hexes                        1
   b - Ensorcelled Hibernation        Hexes/Ice                    2
   c - Confuse                        Hexes                        3
   d - Tukima's Dance                 Hexes                        3
   e - Dazzling Spray                 Conjuration/Hexes            3
Comestibles
 d - 5 bread rations
 t - a chunk of flesh


   Skills:
 + Level 2.6 Short Blades
 - Level 1.5 Dodging
 + Level 5.9 Stealth
 - Level 3.0 Spellcasting
 * Level 5.0 Hexes
 + Level 2.3 Ice Magic


You had 2 spell levels left.
You knew the following spells:

 Your Spells              Type           Power        Failure   Level  Hunger
a - Corona                Hex            ###....      1%          1    None
b - Ensorcelled Hibernat  Hex/Ice        ###...       8%          2    ##.....
c - Confuse               Hex            ###.....     10%         3    ###....
d - Tukima's Dance        Hex            ###.....     10%         3    ###....


Dungeon Overview and Level Annotations

Branches:
Dungeon (5/15)
 Temple: D:4-7

Altars:
Makhleb
Nemelex Xobeh
Okawaru
Qazlal
Zin

Shops:
D:4 %

Annotations:
D:4 George's ghost, amateur MiFi; Robin
D:5 Prince Ribbit


Innate Abilities, Weirdness & Mutations

You cannot wear boots.
Your serpentine skin is tough. (AC +2)
You have supernaturally acute eyesight. (SInv)
Armour fits poorly on your strangely shaped body.
Your system is resistant to poisons. (rPois)
You cover ground very slowly.
You have a slow metabolism.
You can spit poison.


Message History

George's ghost says, "I have seen your future, and it is all used up."
George's ghost hits you but does no damage.
George's ghost closely misses you.
George's ghost whispers, "Death is liberation."
George's ghost hits you. George's ghost hits you.
There is an open door here.
George's ghost hits you.
George's ghost whispers, "The ORB doesn't exist."
George's ghost hits you! George's ghost hits you!
George's ghost closely misses you.
George's ghost says, "Ah, a second chance to prove myself in battle!"
George's ghost hits you!
* * * LOW HITPOINT WARNING * * *
George's ghost hits you!
* * * LOW HITPOINT WARNING * * *
George's ghost hits you but does no damage.
George's ghost hits you!
You die...

##....)...##.#.....#.#.#
#......).##.#.#.#.#.#.#
##....)(..##.#...#.#.#.#
.....#'#####.#####.#.#.##
.....#.....#.......#....#
.....#####.##############
.....#####.#
.........#.#######
...............W@#
###......#########
########


You could see George's ghost.

Vanquished Creatures
  A crimson imp (D:2)
  A giant frog zombie (D:5)
  2 orc wizards (D:3)
  Jessica (D:3)
  A worker ant (D:4)
  8 adders
  3 oozes
  A worm (D:3)
  A dart slug (D:1)
  4 giant geckos
  7 orcs (D:3)
  2 giant cockroaches
  9 goblins
  14 hobgoblins
  5 jackals
  2 quokkas (D:3)
  2 ball pythons (D:1)
  9 bats
  A giant newt (D:2)
  13 kobolds
  5 rats
92 creatures vanquished.

Notes
Turn   | Place    | Note
-------+----------+-------------------------------------------
     0 | D:1      | mopl the Naga Enchanter began the quest for the Orb.
     0 | D:1      | Reached XP level 1. HP: 15/15 MP: 3/3
    50 | D:1      | Reached XP level 2. HP: 22/22 MP: 5/5
    54 | D:1      | Learned a level 2 spell: Ensorcelled Hibernation
   666 | D:1      | Reached XP level 3. HP: 28/28 MP: 6/6
   671 | D:1      | Learned a level 3 spell: Confuse
   838 | D:2      | Reached skill level 1 in Ice Magic
  1055 | D:2      | Reached XP level 4. HP: 36/36 MP: 4/8
  1413 | D:2      | Reached skill level 5 in Stealth
  1598 | D:2      | Found a glowing silver altar of Zin.
  1762 | D:2      | Reached skill level 4 in Hexes
  1762 | D:2      | Reached XP level 5. HP: 11/42 MP: 1/9
  2202 | D:3      | Noticed Jessica
  2209 | D:3      | Killed Jessica
  2209 | D:3      | Reached skill level 2 in Short Blades
  2209 | D:3      | Reached skill level 3 in Spellcasting
  2440 | D:3      | Reached skill level 2 in Ice Magic
  2440 | D:3      | Reached XP level 6. HP: 45/49 MP: 7/10
  3262 | D:4      | Noticed Robin
  3274 | D:4      | Found Gufrimiv's Food Boutique.
  3307 | D:4      | Found a stormy altar of Qazlal.
  3372 | D:4      | Noticed George's ghost (amateur MiFi)
  3381 | D:5      | Entered Level 5 of the Dungeon
  3460 | D:5      | Noticed Prince Ribbit
  3597 | D:5      | Learned a level 3 spell: Tukima's Dance
  3608 | D:5      | Reached skill level 5 in Hexes
  3741 | D:4      | Found a burning altar of Makhleb.
  3741 | D:4      | Found an iron altar of Okawaru.
  3743 | D:4      | Found a sparkling altar of Nemelex Xobeh.
  3782 | D:4      | Slain by George's ghost

Vault maps used:
D:1:      lightli_arrival_boilingwater
D:2:      marbit_many_paths, first_bread, minmay_misc_feat_four_crosses
D:3:      uniq_jessica
D:4:      kennysheep_mini_moat, grunt_temple_overflow_open, serial_shops,
          nicolae_shop_crystal, grunt_qazlal_clouds, uniq_robin
D:5:      grunt_temple_overflow_growth_and_decay, minmay_misc_feat_room,
          grunt_dithmenos_smoke, uniq_prince_ribbit1, uniq_grinder,
          uniq_menkaure, uniq_duvessa, uniq_blork_the_orc,
          uniq_crazy_yiuf_cottage

Skill      XL: |  1  2  3  4  5  6 |
---------------+-------------------+-----
Ice Magic      | 1 2 |  2.3
Stealth        | 5 |  5.9
Hexes          | 4 5 |  5.0
Short Blades   | 2 |  2.6
Spellcasting   | 3 |  3.0
Dodging        | |  1.5

Action                   |  1- 3 |  4- 6 || total
-------------------------+-------+-------++-------
Melee: Dagger            |    53 |   204 ||   257
 Cast: Ensorcelled Hiber |     3 |    42 ||    45
       Confuse           |       |     8 ||     8
 Abil: Spit Poison       |     1 |     8 ||     9
  Use: Scroll            |       |     5 ||     5
 Stab: Sleeping          |    19 |    32 ||    51
       Confused          |       |     2 ||     2
  Eat: Chunk             |       |    10 ||    10
Armor: Robe              |     7 |    70 ||    77
Dodge: Dodged            |    27 |   106 ||   133
